 Dungeon Crawl Stone Soup version 0.28-a0-1182-g381e24db82 (webtiles) character file.

Game seed: 2886435398251021557

5033 Decritt the Fighter (level 10, -5/94 HPs)
             Began as a Minotaur Fighter on Dec 17, 2021.
             Was a Follower of the Shining One.
             Slain by a vampire mosquito (7 damage)
             ... on level 13 of the Dungeon.
             The game lasted 00:17:58 (9284 turns).

Decritt the Fighter (Minotaur Fighter)              Turns: 9284, Time: 00:17:59

Health: -5/94      AC: 28    Str: 25    XL:     10   Next: 30%
Magic:  11/11      EV:  9    Int:  5    God:    the Shining One [*.....]
Gold:   583        SH:  6    Dex: 16    Spells: 9/9 levels left

rFire   . . .      SeeInvis .   r - +10 spear of Crawling {protect, rElec rN+ Dex+6}
rCold   . . .      Faith    .   c - +0 buckler
rNeg    + . .      Spirit   .   j - +1 plate armour
rPois   .          Reflect  .   v - +2 hat
rElec   +          Harm     .   p - +2 cloak
rCorr   .          Rampage  .   g - +0 pair of gloves
Will    .....                   (no boots)
Stlth   ..........              (no amulet)
HPRegen 0.25/turn               (no ring)
MPRegen 0.12/turn               (no ring)

@: mighty, under a protective aura, glowing
A: horns 2, retaliatory headbutt
a: Renounce Religion, Divine Shield


You were on level 13 of the Dungeon.
You worshipped the Shining One.
The Shining One was aware of your devotion.
You visited 2 branches of the dungeon, and saw 12 of its levels.
You also visited: Sewer.

You collected 583 gold pieces.

Inventory:

Hand Weapons
 r - the +10 spear of Crawling (weapon) {protect, rElec rN+ Dex+6}
   (You found it on level 9 of the Dungeon)

   It grants its wielder temporary protection when it strikes (+7 to AC).
   Dex:       It affects your dexterity (+6).
   rElec:     It insulates you from electricity.
   rN:        It protects you from negative energy.
 u - a +5 broad axe of electrocution
Missiles
 b - 3 javelins
 l - 2 boomerangs
Armour
 c - a +0 buckler (worn)
 g - a +0 pair of gloves (worn)
 j - a +1 plate armour (worn)
 p - a +2 cloak (worn)
 v - a +2 hat (worn)
Wands
 e - a wand of polymorph (1)
 s - a wand of charming (2)
Scrolls
 m - 2 scrolls of summoning
 t - a scroll of noise
 x - a scroll of enchant weapon
 y - a scroll of amnesia
 A - a scroll of magic mapping
Potions
 a - a potion of brilliance {unknown}
 d - 3 potions of might
 f - a potion of flight {unknown}
 h - a potion of degeneration {unknown}
 i - 3 potions of mutation
 k - 2 potions of cancellation {unknown}
 n - a potion of haste {unknown}
 o - 2 potions of curing
 q - a potion of heal wounds {unknown}
 w - 2 potions of resistance
 z - a potion of attraction {unknown}


   Skills:
 + Level 10.6 Fighting
 - Level 9.6(9.9) Axes
 * Level 3.5(7.1) Polearms
 + Level 8.1 Armour
 + Level 4.8 Dodging
 - Level 6.5 Shields
 + Level 3.7 Invocations


You had 9 spell levels left.
You didn't know any spells.
Your spell library contained the following spells:

 Spells                   Type           Power      Damage    Failure   Level
 Slow                     Hex            0%         N/A       99%         1
 Confusing Touch          Hex            0%         N/A       100%        3
 Vampiric Draining        Necr           0%         2d6       100%        3
 Petrify                  Tmut/Erth      0%         N/A       100%        4
 Metabolic Englaciation   Hex/Ice        0%         N/A       100%        5
 Statue Form              Tmut/Erth      0%         N/A       100%        6


Dungeon Overview and Level Annotations

Branches:
Dungeon (10/15)            Temple (1/1) D:5            Lair (0/6) D:9
 Vaults (0/5) D:13          Sewer (visited)
    Orc: D:9-12

Altars:
Ashenzari
Cheibriados
Dithmenos
Elyvilon
Fedhas
Gozag
Hepliaklqana
Kikubaaqudgha
Makhleb
Nemelex Xobeh
Okawaru
Qazlal
Ru
Sif Muna
Trog
Uskayaw
Vehumet
Wu Jian
Xom
Yredelemnul
Zin
The Shining One

Shops:
D:3 (   D:7 *   D:9 (

Annotations:
D:7 2 transporters, tensugalgo's ghost, novice BaAM


Innate Abilities, Weirdness & Mutations

You have a pair of horns on your head.
You reflexively headbutt those who attack you in melee.


Message History

Your Armour skill increases to level 8!
Unknown command.
Unknown command.
You puncture the two-headed ogre! You headbutt the two-headed ogre!
The two-headed ogre is heavily wounded.
The vampire mosquito bites you.
* * * LOW HITPOINT WARNING * * *
The vampire mosquito draws strength from your injuries!
The two-headed ogre hits you with a +0 giant club.
* * * LOW HITPOINT WARNING * * *
The two-headed ogre hits you with a +0 giant club.
* * * LOW HITPOINT WARNING * * *
You feel very mighty all of a sudden.
The vampire mosquito closely misses you.
The vampire mosquito bites you.
* * * LOW HITPOINT WARNING * * *
The vampire mosquito draws strength from your injuries!
The two-headed ogre hits you with a +0 giant club!
* * * LOW HITPOINT WARNING * * *
The two-headed ogre hits you but does no damage.
You feel better.
The vampire mosquito bites you but does no damage.
The vampire mosquito barely misses you. You furiously retaliate!
You headbutt the vampire mosquito!
You feel better.
You block the vampire mosquito's attack.
The two-headed ogre hits you with a +0 giant club!
* * * LOW HITPOINT WARNING * * *
The two-headed ogre hits you but does no damage.
The vampire mosquito closely misses you.
You impale the two-headed ogre!! You headbutt the two-headed ogre!
The two-headed ogre is almost dead.
The vampire mosquito bites you but does no damage.
The two-headed ogre barely misses you.
The two-headed ogre hits you with a +0 giant club!
* * * LOW HITPOINT WARNING * * *
You puncture the two-headed ogre!
You kill the two-headed ogre!
The vampire mosquito bites you!
You die...

.. ###
... ..
####++#
#.....#
#.....#
#@y...#
#))...#..
#∩....#..
#######


You could see a vampire mosquito.

Vanquished Creatures
  An ironbound preserver (D:13)
  A two-headed ogre (D:13)
  A cyclops (D:10)
  Maurice (D:9)
  An elephant (D:9)
  A spriggan (D:9)
  A wyvern (D:9)
  4 yaks (D:9)
  2 basilisks (D:9)
  A steam dragon (D:7)
  3 black bears
  A sky beast (D:7)
  An orc warrior (D:9)
  An ogre (D:4)
  2 necrophages
  A centaur (D:7)
  2 phantoms (D:4)
  A kobold brigand (D:9)
  A gnoll sergeant (D:9)
  2 bullfrogs
  A water moccasin skeleton (D:5)
  3 wights (D:8)
  2 howler monkeys
  A bullfrog skeleton (D:6)
  A hound (D:6)
  An orc priest (D:6)
  An iguana (D:5)
  3 orc wizards
  A killer bee zombie (D:7)
  A howler monkey zombie (D:9)
  7 gnolls
  A howler monkey skeleton (D:6)
  4 adders
  2 river rats (Sewer)
  A white imp (D:5)
  2 ufetubi
  An adder skeleton (D:4)
  An adder zombie (D:5)
  2 worms
  A dart slug (D:1)
  17 orcs
  9 endoplasms
  6 giant cockroaches
  9 goblins
  8 hobgoblins
  3 jackals (D:2)
  3 quokkas
  10 ball pythons
  A bat (D:1)
  8 frilled lizards
  11 kobolds
  8 rats
159 creatures vanquished.

Vanquished Creatures (collateral kills)
  A giant cockroach (D:6)
1 creature vanquished.

Grand Total: 160 creatures vanquished

Notes
Turn   | Place    | Note
-------+----------+-------------------------------------------
     0 | D:1      | Decritt the Minotaur Fighter began the quest for the Orb.
     0 | D:1      | Reached XP level 1. HP: 19/19 MP: 0/0
   479 | D:1      | Reached XP level 2. HP: 25/27 MP: 1/1
   571 | D:1      | Reached skill level 4 in Fighting
   971 | D:2      | Reached XP level 3. HP: 32/33 MP: 2/2
  1216 | D:2      | Found a faded altar of an unknown god.
  1594 | D:3      | Found Tedaut's Antique Weapon Boutique.
  1624 | D:3      | Reached XP level 4. HP: 37/41 MP: 3/3
  2381 | D:4      | Reached skill level 5 in Fighting
  2392 | D:4      | Noticed a phantom
  2408 | D:4      | Killed a phantom
  2409 | D:4      | Reached XP level 5. HP: 32/48 MP: 4/4
  2598 | D:4      | Noticed a phantom
  2603 | D:4      | Killed a phantom
  2637 | D:4      | Reached XP level 6. HP: 57/57 MP: 5/5
  3186 | D:5      | Entered Level 5 of the Dungeon
  3221 | D:4      | Reached skill level 6 in Fighting
  3221 | D:4      | Reached skill level 5 in Axes
  3221 | D:4      | Reached skill level 5 in Shields
  3291 | D:4      | Reached skill level 5 in Armour
  3444 | D:4      | Reached XP level 7. HP: 27/64 MP: 6/6
  3835 | D:5      | Found a broken altar of Ashenzari.
  3978 | D:5      | Reached skill level 7 in Fighting
  4148 | D:5      | Found a staircase to the Ecumenical Temple.
  4412 | D:6      | Found a glowing drain.
  4416 | Sewer    | Entered a sewer
  5458 | Temple   | Entered the Ecumenical Temple
  5692 | Temple   | Became a worshipper of the Shining One
  5767 | D:7      | Reached skill level 1 in Dodging
  5767 | D:7      | Reached XP level 8. HP: 70/73 MP: 7/7
  6045 | D:7      | Noticed a two-headed ogre
  6046 | D:7      | Found a transporter.
  6052 | D:7      | Found a transporter.
  6055 | D:7      | Noticed tensugalgo's ghost (novice BaAM)
  6277 | D:7      | Reached skill level 8 in Fighting
  6557 | D:7      | Found Zaitaps's General Store.
  6848 | D:8      | Identified a scroll of acquirement
  6848 | D:8      | Acquired a +3 broad axe of electrocution
  7493 | D:9      | Found Baodiu's Antique Weapon Boutique.
  7850 | D:9      | Found a staircase to the Lair.
  7850 | D:9      | Noticed an elephant
  7850 | D:9      | Reached * piety under the Shining One
  7855 | D:9      | Reached skill level 1 in Invocations
  7855 | D:9      | Reached XP level 9. HP: 77/82 MP: 8/8
  7872 | D:9      | Killed an elephant
  7873 | D:9      | Reached skill level 9 in Fighting
  8612 | D:9      | Reached skill level 10 in Fighting
  8629 | D:9      | Noticed Maurice
  8639 | D:9      | Killed Maurice
  8913 | D:9      | Identified the +10 spear of Crawling {protect, rElec rN+
                  | Dex+6}
  9117 | D:10     | Entered Level 10 of the Dungeon
  9151 | D:10     | Noticed a cyclops
  9163 | D:10     | Killed a cyclops
  9164 | D:10     | Reached XP level 10. HP: 94/94 MP: 11/11
  9269 | D:10     | You fall into a shaft and drop 3 floors!
  9269 | D:13     | Noticed a two-headed ogre
  9269 | D:13     | Noticed an ironbound preserver
  9269 | D:13     | Found a gate to the Vaults.
  9278 | D:13     | Killed an ironbound preserver
  9280 | D:13     | HP: 1/94 [two-headed ogre (16)]
  9284 | D:13     | Killed a two-headed ogre
  9284 | D:13     | Slain by a vampire mosquito

Illustrated notes

Levels and vault maps discovered:
D:1:      ebering_trefoil_3fold, layout_loops_ring, serial_glass,
          glass_columns_b, glass_columns_c, item_on_display_a, feat_on_display,
          due_unseen_surprise, item_on_display_a
D:2:      layout_basic, basic_ecumenical_altar
D:3:      layout_basic, serial_shops, nicolae_lakefront_shop
D:4:      layout_basic
D:5:      layout_cave_pools, old_standard_altar, temple_fountains
D:6:      layout_loops_ring, gup_sewer_entry_bowl
D:7:      layout_loops_cross, serial_shops, kennysheep_mini_moat,
          gammafunk_ghost_smash, due_unseen_surprise
D:8:      layout_loops_ring
D:9:      layout_loops_ring, david_lair_generic, nicolae_stop_n_shop_2,
          the_hattery, uniq_maurice
D:10:     layout_long_grid, erik_orc_1, chequers_garden
D:13:     layout_loops_ring, skrybe_vaults_entry_preservation, serial_shops,
          nicolae_shop_statue_plus
Temple:   nicolae_temple_the_god_donut

Skill      XL: |  1  2  3  4  5  6  7  8  9 10 |
---------------+-------------------------------+-----
Fighting       | 4 5 6 7 8 10 | 10.6
Shields        | 4 5 6 |  6.5
Armour         | 4 5 6 7 8 |  8.1
Axes           | 3 4 5 6 8 9 |  9.6
Dodging        | 1 3 4 |  4.8
Invocations    | 1 3 |  3.7
Polearms       | 2 3 |  3.5

Action                   |  1- 3 |  4- 6 |  7- 9 | 10-12 || total
-------------------------+-------+-------+-------+-------++-------
Melee: War axe           |    25 |       |       |       ||    25
       Headbutt          |     8 |    16 |    52 |     4 ||    80
       Spear             |    63 |   111 |   165 |    14 ||   353
       Broad axe         |       |       |    84 |       ||    84
  Use: Scroll            |       |       |    16 |       ||    16
       Potion            |       |       |       |     3 ||     3
Armor: Scale mail        |    13 |       |       |       ||    13
       Plate armour      |    24 |    70 |   133 |    10 ||   237
Dodge: Dodged            |    20 |    34 |    67 |    12 ||   133
Block: Buckler           |     9 |    26 |    52 |     3 ||    90

Table legend: (Time is in decaauts)
 A = Elapsed time spent in this place.
 B = Non-inter-level travel time spent in this place.
 C = Inter-level travel time spent in this place.
 D = Time resting spent in this place.
 E = Time spent auto-exploring this place.
 F = Levels seen in this place.
 G = Mean time per level.
                   A        B        C        D        E       F      G
               +--------+--------+--------+--------+--------+-----+--------+
         Total |   9359 |   9027 |    332 |   1762 |   5954 |  13 |  719.9 |
       Dungeon |   8647 |   8364 |    283 |   1762 |   5465 |  11 |  786.1 |
        Temple |    284 |    236 |     48 |      0 |    209 |   1 |  284.0 |
         Sewer |    427 |    427 |      0 |      0 |    280 |   1 |  427.0 |
               +--------+--------+--------+--------+--------+-----+--------+

Top non-repeatable levels by time:
     D:9: 1635 daAuts
     D:4: 1579 daAuts
     D:7: 893 daAuts
     D:8: 840 daAuts
     D:1: 816 daAuts
     D:6: 735 daAuts
     D:2: 701 daAuts
     D:5: 658 daAuts
     D:3: 626 daAuts
   Sewer: 427 daAuts
  Temple: 284 daAuts
    D:10: 149 daAuts
    D:13: 12 daAuts
